SA
KENNESAW JETS @ LOUISIANA DRAGOONS
07/20/2026
 
TOP OF THE 1ST
Kennesaw Jets batting - Pitching for Louisiana Dragoons : RHP Paul Addison
Pitching: RHP Paul Addison
Batting: RHB Raúl Francisco 0-0: Swinging Strike
0-1: Foul Ball, location: 2F
0-2: Ball
1-2: Ball
2-2: Strikes out swinging
Batting: RHB José Piña 0-0: Ball
1-0: Called Strike
1-1: Swinging Strike
1-2: Foul Ball, location: 2F
1-2: Ball
2-2: Foul Ball, location: 2F
2-2: Foul Ball, location: 2F
2-2: Foul Ball, location: 2F
2-2: Fly out, F8 (Flyball, 78M)
Batting: LHB Pedro Corona 0-0: Called Strike
0-1: Foul Ball, location: 2F
0-2: Ball
1-2: Ball
2-2: Foul Ball, location: 2F
2-2: Ball
3-2: Strikes out swinging
Top of the 1st over - 0 run(s), 0 hit(s), 0 error(s), 0 left on base; Kennesaw 0 - Louisiana 0
BOTTOM OF THE 1ST
Louisiana Dragoons batting - Pitching for Kennesaw Jets : RHP Roger Murdock
Pitching: RHP Roger Murdock
Batting: RHB Giuseppe Provolone 0-0: Called Strike
0-1: Foul Ball, location: 2F
0-2: Foul Ball, location: 2F
0-2: Ball
1-2: Foul Ball, location: 2F
1-2: Ball
2-2: Ball
3-2: Foul Ball, location: 2F
3-2: Base on Balls
Batting: RHB José Ortíz 0-0: Ball
1-0: Grounds into double play, 6-4-3 (Groundball, 56)
Batting: RHB Scott Robertson 0-0: Ground out 6-3 (Groundball, 6)
Bottom of the 1st over - 0 run(s), 0 hit(s), 0 error(s), 0 left on base; Kennesaw 0 - Louisiana 0
TOP OF THE 2ND
Kennesaw Jets batting - Pitching for Louisiana Dragoons : RHP Paul Addison
Batting: RHB Enoch Reinhardt 0-0: Called Strike
0-1: Called Strike
0-2: Ball
1-2: Strikes out swinging
Batting: RHB Vic Richards 0-0: Foul Ball, location: 2F
0-1: Ball
1-1: Called Strike
1-2: Ball
2-2: Strikes out looking
Batting: RHB Bartolo Rosas 0-0: Ball
1-0: Fly out, F7 (Flyball, 78M)
Top of the 2nd over - 0 run(s), 0 hit(s), 0 error(s), 0 left on base; Kennesaw 0 - Louisiana 0
BOTTOM OF THE 2ND
Louisiana Dragoons batting - Pitching for Kennesaw Jets : RHP Roger Murdock
Batting: RHB Emmanuele Lucchetti 0-0: Foul Ball, location: 2F
0-1: Fly out, F7 (Flyball, 78M)
Batting: RHB Domingo Colón 0-0: Called Strike
0-1: SINGLE (Flyball, 89S)
Batting: RHB Harry Gibson 0-0: Ball
1-0: Ball
2-0: Ball
3-0: Called Strike
3-1: Fly out, F8 (Flyball, 8RM)
Batting: RHB Armando Carmona 0-0: Called Strike
0-1: SINGLE (Line Drive, 9LM)
Domingo Colón to second
Batting: RHB José Luque 0-0: Ball
1-0: Swinging Strike
1-1: Ball
2-1: Fly out, F7 (Flyball, 7S)
Bottom of the 2nd over - 0 run(s), 2 hit(s), 0 error(s), 2 left on base; Kennesaw 0 - Louisiana 0
TOP OF THE 3RD
Kennesaw Jets batting - Pitching for Louisiana Dragoons : RHP Paul Addison
Batting: RHB Bernardo Martínez 0-0: Swinging Strike
0-1: Swinging Strike
0-2: Ground out 6-3 (Groundball, 6)
Batting: RHB Gerardo Maldonado 0-0: Called Strike
0-1: Called Strike
0-2: Ball
1-2: Foul Ball, location: 2F
1-2: Foul Ball, location: 2F
1-2: Foul Ball, location: 2F
1-2: Strikes out swinging
Batting: LHB Manuel Márquez 0-0: Called Strike
0-1: Ball
1-1: Foul Ball, location: 2F
1-2: Ball
2-2: Strikes out swinging
Top of the 3rd over - 0 run(s), 0 hit(s), 0 error(s), 0 left on base; Kennesaw 0 - Louisiana 0
BOTTOM OF THE 3RD
Louisiana Dragoons batting - Pitching for Kennesaw Jets : RHP Roger Murdock
Batting: RHB Ken Burton 0-0: Foul Ball, location: 2F
0-1: Ball
1-1: Ball
2-1: Foul Ball, location: 2F
2-2: Ground out 6-3 (Groundball, 6D)
Batting: RHB Giuseppe Provolone 0-0: Called Strike
0-1: Ground out 6-3 (Groundball, 6)
Batting: RHB José Ortíz 0-0: SINGLE (Line Drive, 56D)
Batting: RHB Scott Robertson 0-0: Ball
1-0: Ball
2-0: Ball
3-0: Called Strike
3-1: SINGLE (Groundball, 34D)
José Ortíz to second
Runner from 2nd tries for 3rd, SAFE, throw made to third
Batting: RHB Emmanuele Lucchetti 0-0: SINGLE (Groundball, 56D)
José Ortíz scores
Scott Robertson to second
Batting: RHB Domingo Colón 0-0: Foul Ball, location: 2F
0-1: Fly out, F8 (Line Drive, 8RM)
Bottom of the 3rd over - 1 run(s), 3 hit(s), 0 error(s), 2 left on base; Kennesaw 0 - Louisiana 1
TOP OF THE 4TH
Kennesaw Jets batting - Pitching for Louisiana Dragoons : RHP Paul Addison
Batting: RHB Raúl Francisco 0-0: Ball
1-0: Ball
2-0: Called Strike
2-1: Ball
3-1: Called Strike
3-2: Strikes out looking
Batting: RHB José Piña 0-0: Ball
1-0: Ball
2-0: Single, Error in OF, E7, batter to second base
Batting: LHB Pedro Corona 0-0: Foul Ball, location: 2F
0-1: Foul Ball, location: 2F
0-2: Ball
1-2: Fly out, F7 (Flyball, 7LM)
Batting: RHB Enoch Reinhardt 0-0: Ball
1-0: Ball
2-0: DOUBLE (Line Drive, 78D)
José Piña scores
Batting: RHB Vic Richards 0-0: Ball
1-0: Ball
2-0: Called Strike
2-1: Foul Ball, location: 2F
2-2: SINGLE (Groundball, 34D)
Enoch Reinhardt to third
Runner from 3rd tries for Home, SAFE, no throw
Batting: RHB Bartolo Rosas 0-0: Called Strike
0-1: Swinging Strike
0-2: Foul Ball, location: 2F
0-2: Strikes out looking
Top of the 4th over - 2 run(s), 3 hit(s), 1 error(s), 1 left on base; Kennesaw 2 - Louisiana 1
BOTTOM OF THE 4TH
Louisiana Dragoons batting - Pitching for Kennesaw Jets : RHP Roger Murdock
Batting: RHB Harry Gibson 0-0: Ball
1-0: Foul Ball, location: 2F
1-1: Foul Ball, location: 2F
1-2: Ball
2-2: Strikes out swinging
Batting: RHB Armando Carmona 0-0: Called Strike
0-1: Foul Ball, location: 2F
0-2: Ball
1-2: Ground out 6-3 (Groundball, 6)
Batting: RHB José Luque 0-0: Ball
1-0: SINGLE (Groundball, 6MD)
Batting: RHB Ken Burton 0-0: Fly out, F5 (Line Drive, 6)
Bottom of the 4th over - 0 run(s), 1 hit(s), 0 error(s), 1 left on base; Kennesaw 2 - Louisiana 1
TOP OF THE 5TH
Kennesaw Jets batting - Pitching for Louisiana Dragoons : RHP Paul Addison
Batting: RHB Bernardo Martínez 0-0: Called Strike
0-1: Ball
1-1: Ball
2-1: Ground out 4-3 (Groundball, 4)
Batting: RHB Gerardo Maldonado 0-0: Ball
1-0: Ball
2-0: Called Strike
2-1: Swinging Strike
2-2: Ground out 1-3 (Groundball, P)
Batting: LHB Manuel Márquez 0-0: Called Strike
0-1: Foul Ball, location: 2F
0-2: Ball
1-2: Ball
2-2: Strikes out looking
Top of the 5th over - 0 run(s), 0 hit(s), 0 error(s), 0 left on base; Kennesaw 2 - Louisiana 1
BOTTOM OF THE 5TH
Louisiana Dragoons batting - Pitching for Kennesaw Jets : RHP Roger Murdock
Batting: RHB Giuseppe Provolone 0-0: Called Strike
0-1: Ball
1-1: Fly out, F5 (Popup, 5S)
Batting: RHB José Ortíz 0-0: Called Strike
0-1: Ball
1-1: Called Strike
1-2: Strikes out swinging
Batting: RHB Scott Robertson 0-0: Ground out 6-3 (Groundball, 56)
Bottom of the 5th over - 0 run(s), 0 hit(s), 0 error(s), 0 left on base; Kennesaw 2 - Louisiana 1
TOP OF THE 6TH
Kennesaw Jets batting - Pitching for Louisiana Dragoons : RHP Paul Addison
Batting: RHB Raúl Francisco 0-0: Foul Ball, location: 2F
0-1: Ball
1-1: Ball
2-1: Ball
3-1: Base on Balls
Pitching: RHP Cornelius Bigelow
Batting: RHB José Piña 0-0: Ball
1-0: Fly out, F7 (Flyball, 7S)
Batting: LHB Pedro Corona 0-0: Called Strike
0-1: Ball
1-1: Ball
2-1: Foul Ball, location: 2F
2-2: Strikes out looking
Batting: RHB Enoch Reinhardt 0-0: Called Strike
0-1: Ball
Raúl Francisco steals 2nd base
1-1: Fly out, F8 (Flyball, 8LS)
Top of the 6th over - 0 run(s), 0 hit(s), 0 error(s), 1 left on base; Kennesaw 2 - Louisiana 1
BOTTOM OF THE 6TH
Louisiana Dragoons batting - Pitching for Kennesaw Jets : RHP Roger Murdock
Batting: RHB Emmanuele Lucchetti 0-0: Foul Ball, location: 2F
0-1: Ground out 5-3 (Groundball, 56)
Batting: RHB Domingo Colón 0-0: Foul Ball, location: 2F
0-1: Ball
1-1: Foul Ball, location: 2F
1-2: Ball
2-2: Ball
3-2: Ground out 4-3 (Groundball, 4)
Batting: RHB Harry Gibson 0-0: Swinging Strike
0-1: Called Strike
0-2: Ground out 6-3 (Groundball, 6)
Bottom of the 6th over - 0 run(s), 0 hit(s), 0 error(s), 0 left on base; Kennesaw 2 - Louisiana 1
TOP OF THE 7TH
Kennesaw Jets batting - Pitching for Louisiana Dragoons : RHP Cornelius Bigelow
Batting: RHB Vic Richards 0-0: Called Strike
0-1: Ball
1-1: DOUBLE (Line Drive, 9LM)
Pinch Hitting: LHB Vicente Matos 0-0: Intentional Walk
Pitching: RHP Alfredo Velásquez
Pinch Hitting: RHB Jim Unknown 0-0: Called Strike
0-1: Ball
1-1: Foul Ball, location: 2F
1-2: Strikes out swinging
Pinch Hitting: RHB Jim Unknown 0-0: Foul Ball, location: 2F
0-1: Foul Ball, location: 2F
0-2: SINGLE (Line Drive, 6D)
Vic Richards to third
Vicente Matos to second
Throwing error, E7
Vic Richards scores
Vicente Matos to third
Jim Unknown to second
Pinch Hitting: LHB Jim Unknown 0-0: DOUBLE (Groundball, 3L)
Vicente Matos scores
Jim Unknown scores
Batting: RHB Raúl Francisco 0-0: Ball
1-0: Ball
2-0: Fly out, F8 (Line Drive, 8LS)
Batting: RHB José Piña 0-0: Foul Ball, location: 2F
0-1: Ball
1-1: Ball
2-1: DOUBLE (Line Drive, 78D)
Jim Unknown scores
Batting: LHB Pedro Corona 0-0: Called Strike
0-1: Called Strike
0-2: Strikes out looking
Top of the 7th over - 4 run(s), 4 hit(s), 1 error(s), 1 left on base; Kennesaw 6 - Louisiana 1
BOTTOM OF THE 7TH
Louisiana Dragoons batting - Pitching for Kennesaw Jets : RHP Roger Murdock
Now at 1B: Vicente Matos
Now at 3B: Jim Unknown
Now in LF: Jim Unknown
Now in CF: Omar Durán
Batting: RHB Armando Carmona 0-0: Ball
1-0: Ball
2-0: Called Strike
2-1: Ball
3-1: Base on Balls
Batting: RHB José Luque 0-0: Swinging Strike
0-1: Ball
1-1: Foul Ball, location: 2F
1-2: SINGLE (Groundball, 6MD)
Armando Carmona to second
Runner from 2nd tries for 3rd, SAFE, no throw
Batting: RHB Ken Burton 0-0: Grounds into double play, 4-6-3 (Groundball, 4)
Armando Carmona scores
Batting: RHB Giuseppe Provolone 0-0: Called Strike
0-1: Ball
1-1: Called Strike
1-2: Ball
2-2: Strikes out swinging
Bottom of the 7th over - 1 run(s), 1 hit(s), 0 error(s), 0 left on base; Kennesaw 6 - Louisiana 2
TOP OF THE 8TH
Kennesaw Jets batting - Pitching for Louisiana Dragoons : RHP Alfredo Velásquez
Batting: RHB Enoch Reinhardt 0-0: Called Strike
0-1: Ball
1-1: SINGLE (Line Drive, 78S)
Batting: RHB Vic Richards 0-0: Called Strike
0-1: Swinging Strike
0-2: Hit by Pitch
Enoch Reinhardt to second
Batting: LHB Vicente Matos 0-0: Ball
1-0: Sac Bunt - play at first, batter OUT! 1-3
Enoch Reinhardt to third
Vic Richards to second
Batting: RHB Omar Durán 0-0: Ball
1-0: Ball
2-0: Called Strike
2-1: Foul Ball, location: 2F
2-2: Ball
3-2: DOUBLE (Line Drive, 89D)
Enoch Reinhardt scores
Vic Richards scores
Pitching: RHP Jason Zeitler
Batting: RHB Jim Unknown 0-0: Ground out 5-3 (Groundball, 56)
Batting: LHB Jim Unknown 0-0: Called Strike
0-1: Ball
1-1: Swinging Strike
1-2: Strikes out swinging
Top of the 8th over - 2 run(s), 2 hit(s), 0 error(s), 1 left on base; Kennesaw 8 - Louisiana 2
BOTTOM OF THE 8TH
Louisiana Dragoons batting - Pitching for Kennesaw Jets : RHP Roger Murdock
Batting: RHB José Ortíz 0-0: Ball
1-0: Ball
2-0: SINGLE (Groundball, 56D)
Batting: RHB Scott Robertson 0-0: Ball
1-0: Swinging Strike
1-1: Fly out, F5 (Line Drive, 5)
Batting: RHB Emmanuele Lucchetti 0-0: Called Strike
0-1: Ball
1-1: Foul Ball, location: 2F
1-2: Fly out, F8 (Flyball, 8LD)
Batting: RHB Domingo Colón 0-0: Ball
Wild Pitch!
José Ortíz to second
1-0: Ball
2-0: Called Strike
2-1: Hit by Pitch
Batting: RHB Harry Gibson 0-0: Called Strike
0-1: Swinging Strike
0-2: Strikes out swinging
Bottom of the 8th over - 0 run(s), 1 hit(s), 0 error(s), 2 left on base; Kennesaw 8 - Louisiana 2
TOP OF THE 9TH
Kennesaw Jets batting - Pitching for Louisiana Dragoons : RHP Jason Zeitler
Batting: RHB Raúl Francisco 0-0: Ball
1-0: SINGLE (Flyball, 8RS)
Batting: RHB José Piña 0-0: Ball
1-0: Called Strike
1-1: Ball
2-1: Ball
3-1: Swinging Strike
3-2: Fly out, F9 (Flyball, 9S)
Batting: LHB Pedro Corona 0-0: Foul Ball, location: 2F
0-1: Swinging Strike
0-2: Ball
1-2: Ball
2-2: Strikes out swinging
Batting: RHB Enoch Reinhardt 0-0: Ball
1-0: Ball
2-0: Ball
3-0: Base on Balls
Raúl Francisco to second
Batting: RHB Vic Richards 0-0: Called Strike
0-1: Ball
1-1: Foul Ball, location: 2F
1-2: Ball
2-2: Foul Ball, location: 2F
2-2: Ball
3-2: Foul Ball, location: 2F
3-2: SINGLE (Line Drive, 7S)
Raúl Francisco to third
Enoch Reinhardt to second
Raúl Francisco scores
Enoch Reinhardt to third
Batting: LHB Vicente Matos 0-0: Called Strike
0-1: Fly out, F8 (Flyball, 8LM)
Top of the 9th over - 1 run(s), 2 hit(s), 0 error(s), 2 left on base; Kennesaw 9 - Louisiana 2
BOTTOM OF THE 9TH
Louisiana Dragoons batting - Pitching for Kennesaw Jets : RHP Roger Murdock
Now at C: Shannon Corzo
Batting: RHB Armando Carmona 0-0: Called Strike
0-1: SINGLE (Groundball, 4MD)
Batting: RHB José Luque 0-0: Ball
1-0: Grounds into double play, 5-4-3 (Groundball, 56)
Batting: RHB Ken Burton 0-0: Ball
1-0: Fly out, F8 (Flyball, 8RM)
Bottom of the 9th over - 0 run(s), 1 hit(s), 0 error(s), 0 left on base; Kennesaw 9 - Louisiana 2
Monday, March 20th, 2017 - OOTP Baseball 17.12 Build 75